 Dungeon Crawl Stone Soup version 0.32-a0-290-g598725c5f2 (webtiles) character file.

Game seed: 16876846159622774530

826 Dirtsage the Changeling (level 7, -1/47 HPs)
             Began as an Octopode Shapeshifter on Feb 13, 2024.
             Slain by Pikel
             ... wielding a +1 whip of flaming
              (3 damage)
             ... on level 4 of the Dungeon.
             The game lasted 00:09:01 (3183 turns).

Dirtsage the Changeling (Octopode Shapeshifter)     Turns: 3183, Time: 00:09:02

Health: -1/47      AC:  1    Str: 13    XL:     7   Next: 96%
Magic:  7/7        EV: 15    Int: 12    God:
Gold:   35         SH:  0    Dex: 20    Spells: 6/6 levels left

rFire   . .          .
                       - Unarmed
rCold   . . .        (no shield)
rNeg    . . .        (helmet currently unavailable)
rPois   .            u - amulet of regeneration
rElec   .            d - +6 ring of dexterity
rCorr   .            (no ring)
SInv    .            (no ring)
Will    .....        (no ring)
Stlth   +++          (no ring)
HPRegen 1.07/turn    (no ring)
MPRegen 0.10/turn    (no ring)
                     (no ring)

%: no passive effects
@: beast-form
A: beast (slay +3), almost no armour, amphibious, 8 rings, camouflage 1,
gelatinous body 1, (nimble swimmer 1), tentacles
a: Begin Untransformation


You were on level 4 of the Dungeon.
You were a hulking beast.
You visited 1 branch of the dungeon, and saw 4 of its levels.
You also visited: Sewer.

You collected 210 gold pieces.
You spent 175 gold pieces at shops.

Inventory:

Jewellery
 d - a +6 ring of dexterity (left tentacle)
 u - an amulet of regeneration (around mantle)
Talismans
 b - a beast talisman (active)
 c - a flux talisman
Scrolls
 g - 5 scrolls of fear
 m - a scroll of amnesia {unknown}
 n - a scroll of revelation
 o - a scroll of noise {unknown}
 p - 2 scrolls of fog {unknown}
 q - a scroll of immolation {unknown}
 v - a scroll of torment {unknown}
 B - 2 scrolls of blinking
Potions
 e - 2 potions of mutation {unknown}
 f - 2 potions of degeneration {unknown}
 h - 4 potions of enlightenment {unknown}
 j - 3 potions of curing {unknown}
 k - a potion of attraction {unknown}
 l - 2 potions of heal wounds {unknown}
 r - a potion of brilliance
 s - 2 potions of haste {unknown}
 t - 2 potions of might {unknown}


   Skills:
 + Level 3.7 Fighting
 + Level 4.2 Dodging
 + Level 4.8 Unarmed Combat
 * Level 5.9 Shapeshifting


You had 6 spell levels left.
You didn't know any spells.
Your spell library was empty.

Dungeon Overview and Level Annotations

Branches:
Dungeon (4/15)              Sewer (visited)
 Temple: D:4-7

Altars:
Xom

Shops:
D:3 *

Annotations:
D:4 1 runed translucent door, Crazy Yiuf, Pikel


Innate Abilities, Weirdness & Mutations

You are a hulking beast.
Your limbs bulge with bestial killing power. (Slay +3)
You cannot wear most types of armour.
You are amphibious.
You can wear up to eight rings at the same time.
Your skin changes colour to match your surroundings (Stealth+).
Your rubbery body absorbs attacks. (AC +1, EV +1)
((You are camouflaged when in or above water. (Stealth+)))
You have tentacles for arms and can constrict up to eight enemies at once.


Message History

Pikel is lightly wounded.
You constrict Pikel, but do no damage.
Pikel hits you with a +1 whip of flaming.
Pikel burns you.
You take 3 damage, and have 36/47 hp.
You tentacle-slap Pikel.
Pikel is lightly wounded.
You constrict Pikel.
Pikel hits you with a +1 whip of flaming!
Pikel burns you.
You take 7 damage, and have 29/47 hp.
You tentacle-slap Pikel.
Pikel is moderately wounded.
You constrict Pikel, but do no damage.
Pikel hits you with a +1 whip of flaming.
Pikel burns you.
You take 6 damage, and have 23/47 hp.
You tentacle-slap Pikel but do no damage.
You squeeze Pikel!
Pikel is heavily wounded.
You constrict Pikel.
Pikel hits you with a +1 whip of flaming!
* * * LOW HITPOINT WARNING * * *
Pikel burns you!
* * * LOW HITPOINT WARNING * * *
You take 19 damage, and have 4/47 hp.
MASSIVE DAMAGE!!
You tentacle-slap Pikel but do no damage.
Pikel is heavily wounded.
You constrict Pikel, but do no damage. Pikel closely misses you.
You tentacle-slap Pikel. x2
Pikel is severely wounded.
You constrict Pikel. You tentacle-slap Pikel.
Pikel is severely wounded.
You constrict Pikel.
Pikel hits you with a +1 whip of flaming.
* * * LOW HITPOINT WARNING * * *
Pikel burns you.
You die...
Pikel says, "See you in Hell!"

#.# #........
#.# ########.
#.# #. #.# #.
#.# #. #####.#
#. #.....# #.
#.###†#
#######. #h#
#.# #..)....
#K#
#.#####.######
##5###>......#
#......).....#
#..#######...#
#..# #...#
#..# #...#
#..# #...#
#..# #...#


You could see Pikel and a lemure.

Vanquished Creatures
  Sigmund (D:4)
  3 lemures (D:4)
  A bullfrog (Sewer)
  A scorpion (D:4)
  4 crimson imps (D:3)
  An orc priest (D:3)
  2 hounds
  5 river rats (D:4)
  4 adders
  2 ribbon worms
  8 dart slugs
  4 orcs
  3 bats
  19 endoplasms
  11 giant cockroaches
  4 goblins
  8 hobgoblins
  4 jackals (D:1)
  3 quokkas
  20 ball pythons
  8 frilled lizards
  9 kobolds
  6 rats
131 creatures vanquished.

Notes
Turn   | Place    | Note
-------+----------+-------------------------------------------
     0 | D:1      | Dirtsage the Octopode Shapeshifter began the quest for the
                  | Orb.
     0 | D:1      | Reached XP level 1. HP: 13/13 MP: 1/1
    36 | D:1      | Reached XP level 2. HP: 2/18 MP: 2/2
   488 | D:1      | Reached XP level 3. HP: 23/23 MP: 3/3
  1168 | D:2      | Reached XP level 4. HP: 29/29 MP: 4/4
  1659 | D:3      | Found Jerie's General Store.
  1663 | D:3      | Bought a scroll of identify for 26 gold pieces
  1663 | D:3      | Bought a scroll of fear for 52 gold pieces
  1687 | D:3      | Reached skill level 4 in Shapeshifting
  1687 | D:3      | Reached XP level 5. HP: 34/34 MP: 5/5
  1751 | D:3      | Found a shimmering altar of Xom.
  1767 | D:3      | Reached XP level 6. HP: 26/41 MP: 6/6
  1870 | D:3      | Found a faded altar of an unknown god.
  1916 | D:3      | Bought a scroll of blinking for 97 gold pieces
  2453 | D:4      | Found a runed translucent door.
  2454 | D:4      | Noticed Crazy Yiuf
  2542 | D:4      | Reached skill level 5 in Shapeshifting
  2580 | D:4      | Reached XP level 7. HP: 43/46 MP: 7/7
  2596 | D:4      | Found a glowing drain.
  2602 | Sewer    | Entered a sewer
  3060 | D:4      | Noticed Sigmund
  3064 | D:4      | Noticed Pikel
  3102 | D:4      | Killed Sigmund
  3183 | D:4      | HP: 2/47 [Pikel/+1 whip of flaming (5)]
  3183 | D:4      | Slain by Pikel

Illustrated notes

Levels and vault maps discovered:
D:1:      lemuel_arrival_lava_pool, layout_basic
D:2:      layout_loops_ring, hex_tiny, minmay_domino_4
D:3:      layout_rooms, led_xom_imps, basic_ecumenical_altar, serial_shops,
          shop, grunt_decor_mini_mirrors
D:4:      layout_loops_ring, kennysheep_slug_shrine, lightli_sewer_entry_pipes,
          uniq_pikel, uniq_crazy_yiuf_cottage, uniq_sigmund

Skill      XL: |  1  2  3  4  5  6  7 |
---------------+----------------------+-----
Fighting       | 2 3 |  3.7
Shapeshifting  | 4 5 |  5.9
Dodging        | 3 4 |  4.2
Unarmed Combat | 4 |  4.8

Action                     |  1- 3 |  4- 6 |  7- 9 || total
---------------------------+-------+-------+-------++-------
  Melee: Unarmed           |    57 |    80 |   114 ||   251
         Constrict         |    15 |    22 |    22 ||    59
         Tentacles         |     9 |    19 |    21 ||    49
         Punch             |     3 |     2 |     3 ||     8
    Use: Scroll            |       |     1 |     1 ||     2
         Potion            |       |       |     1 ||     1
   Stab: Sleeping          |     8 |     8 |    11 ||    27
         Distracted        |       |       |     1 ||     1
 Armour: Skin              |    21 |    26 |    38 ||    85
  Dodge: Dodged            |    30 |    40 |    45 ||   115

Table legend: (Time is in decaauts)
 A = Elapsed time spent in this place.
 B = Non-inter-level travel time spent in this place.
 C = Inter-level travel time spent in this place.
 D = Time resting spent in this place.
 E = Time spent auto-exploring this place.
 F = Levels seen in this place.
 G = Mean time per level.
                   A        B        C        D        E       F      G
               +--------+--------+--------+--------+--------+-----+--------+
         Total |   3162 |   3069 |     93 |     18 |   2355 |   5 |  632.4 |
       Dungeon |   2820 |   2727 |     93 |     18 |   2172 |   4 |  705.0 |
         Sewer |    341 |    341 |      0 |      0 |    183 |   1 |  341.0 |
               +--------+--------+--------+--------+--------+-----+--------+

Top non-repeatable levels by time:
     D:1: 923 daAuts
     D:3: 717 daAuts
     D:2: 714 daAuts
     D:4: 464 daAuts
   Sewer: 341 daAuts
